[Event "Titled Tuesday Blitz January 31 Late 2023"]
[White "Reprintsev, Alexander"]
[Black "Liu, Eric"]
[WhiteFideId "14100541"]
[BlackFideId "30960240"]
[WhiteElo "2253"]
[BlackElo "2299"]
[Result "1-0"]
[Round "10"]
[TimeControl "180+2"]
[Date "2023.01.31"]
[WhiteClock "0:00:13"]
[BlackClock "0:00:04"]

1. e4 g6 2. d4 Bg7 3. Nc3 c5 4. dxc5 Qa5 5. Bd2 Qxc5 6. Nd5 Be5 7. Bb4 Qc6 8. f4 Bd6 9. Bb5 Qxb5 10. Bxd6 Na6 11. Ba3 d6 12. Nf3 Be6 13. Nd4 Qa5+ 14. Qd2 Qxd2+ 15. Kxd2 Rc8 16. Rhe1 Bxd5 17. exd5 Nf6 18. Nb5 Kd7 19. Nxa7 Rc4 20. Nb5 Rxf4 21. Rxe7+ Kxe7 22. Bxd6+ Kd7 23. Bxf4 Nxd5 24. Rf1 Nc5 25. c4 Nb4 26. Be3 Ne4+ 27. Ke2 Nxa2 28. Rd1+ Ke6 29. Nd4+ Kf6 30. Nc2 Ra8 31. Kf3 Ng5+ 32. Bxg5+ Kxg5 33. Rd7 Ra4 34. Ne3 Nb4 35. Rxb7 Nd3 36. b3 Ra1 37. c5 Nxc5 38. Rb5 Rc1 39. b4 f5 40. Rxc5 Rb1 41. Nd5 Rb3+ 42. Kf2 Kg4 43. h3+ Kg5 44. Rc3 Rb2+ 45. Kf3 h5 46. g3 h4 47. gxh4+ Kxh4 48. Kf4 Rf2+ 49. Ke3 Rh2 50. Nf4 Rh1 51. Kd4 g5 52. Ne6 g4 53. hxg4 fxg4 54. b5 g3 55. Nf4 Kg4 56. Ne2 Re1 57. Nxg3 Rd1+ 58. Kc5 Rb1 59. Ne4 Kf4 60. Nd2 Rb2 61. Nc4 Rh2 62. b6 Rh5+ 63. Kc6 Rh6+ 64. Nd6 Ke5 65. Rd3 Ke6 66. b7 Rh8 67. Nc8 1-0


[Site "https://www.chess.com"]

[Event "Titled Tuesday Blitz January 31 Late 2023"]
[White "Vovk, Orest"]
[Black "Lizak, Peter"]
[WhiteFideId "14113490"]
[BlackFideId "731595"]
[WhiteElo "2315"]
[BlackElo "2411"]
[Result "1-0"]
[Round "10"]
[TimeControl "180+2"]
[Date "2023.01.31"]
[WhiteClock "0:00:10"]
[BlackClock "0:00:18"]

1. h4 e5 2. h5 d5 3. h6 Nxh6 4. d4 exd4 5. Bxh6 gxh6 6. Qxd4 Rg8 7. Nc3 Be6 8. O-O-O Nc6 9. Qa4 Qg5+ 10. f4 Qf5 11. e4 Qxf4+ 12. Kb1 d4 13. Nge2 Qe5 14. Nxd4 Bd7 15. Bb5 Rg6 16. Nf3 Qc5 17. Rd5 Qf2 18. Ne5 O-O-O 19. Nxg6 hxg6 20. Rhd1 Bd6 21. e5 Nxe5 22. Rxe5 Bxe5 23. Bxd7+ Kb8 24. Bg4 Qf6 25. Rxd8+ Qxd8 26. Qd7 Qxd7 27. Bxd7 f6 28. Be8 g5 29. Bg6 c6 30. Nd1 Kc7 31. c3 Kd6 32. Kc2 Bf4 33. Kd3 Ke5 34. Ne3 Bxe3 35. Kxe3 f5 36. Be8 c5 37. b3 b6 38. Bd7 Kf6 39. Be8 Ke5 40. b4 cxb4 41. cxb4 Kd5 42. Bg6 f4+ 43. Kf3 Kc4 44. Kg4 Kxb4 45. Bf5 Ka3 46. Be6 b5 47. Kh5 b4 48. Kxh6 g4 49. Bxg4 Kxa2 50. Be6+ b3 51. Kg5 Ka3 52. Kxf4 b2 53. Bf5 Kb4 54. g4 Kc5 55. Ke5 a5 56. g5 a4 57. g6 a3 58. Bb1 Kb4 59. g7 Kb3 60. g8=Q+ Kc3 61. Qa2 Kd2 62. Kd4 Kc1 63. Kc3 Kd1 64. Qxa3 Kc1 65. Qxb2+ Kd1 66. Qd2# 1-0


[Site "https://www.chess.com"]

[Event "Titled Tuesday Blitz January 31 Late 2023"]
[White "Grycel, Kamil"]
[Black "Kourkoulos-Arditis, Stamatis"]
[WhiteFideId "1115499"]
[BlackFideId "4221990"]
[WhiteElo "2315"]
[BlackElo "2539"]
[Result "1-0"]
[Round "10"]
[TimeControl "180+2"]
[Date "2023.01.31"]
[WhiteClock "0:00:17"]
[BlackClock "0:00:04"]

1. d4 Nf6 2. c4 c5 3. d5 e6 4. Nc3 exd5 5. cxd5 d6 6. Nf3 g6 7. Bf4 a6 8. a4 Bg7 9. e3 O-O 10. h3 Qe7 11. Be2 Ne4 12. Rc1 f5 13. O-O Nd7 14. Nxe4 fxe4 15. Ng5 Nf6 16. Bc4 Nh5 17. Qd2 Nxf4 18. exf4 Bd4 19. Rfe1 Bf5 20. Ne6 Bxe6 21. dxe6 Rf5 22. g4 Qh4 23. Bf1 Rf6 24. Rxe4 Raf8 25. Rxd4 cxd4 26. Qxd4 Kg7 27. Rc7+ Kh6 28. g5+ 1-0


[Site "https://www.chess.com"]

[Event "Titled Tuesday Blitz January 31 Late 2023"]
[White "Deviprasath, Sharvesh"]
[Black "Musovic, Armin"]
[WhiteFideId "30938228"]
[BlackFideId "939935"]
[WhiteElo "2296"]
[BlackElo "2261"]
[Result "1-0"]
[Round "10"]
[TimeControl "180+2"]
[Date "2023.01.31"]
[WhiteClock "0:00:20"]
[BlackClock "0:00:15"]

1. e4 c6 2. d4 d5 3. exd5 cxd5 4. c4 Nc6 5. Nc3 Nf6 6. Nf3 Bg4 7. cxd5 Nxd5 8. Qb3 Bxf3 9. gxf3 Nb6 10. d5 Nd4 11. Bb5+ Nd7 12. Qd1 Nxb5 13. Nxb5 Qa5+ 14. Nc3 g6 15. h4 Bg7 16. O-O O-O 17. Re1 Rfe8 18. Bg5 Nf6 19. d6 exd6 20. Qxd6 Nh5 21. Rxe8+ Rxe8 22. Qd7 Qe5 23. Qxb7 h6 24. Be3 Qf6 25. Nd5 Qxh4 26. Rc1 Rxe3 27. Rc8+ Bf8 28. Nxe3 Qg5+ 29. Kf1 Nf6 30. Qb8 Nh7 31. Qxa7 Qb5+ 32. Kg1 Qg5+ 33. Kf1 Qb5+ 34. Nc4 Qd5 35. Qa8 Qd3+ 36. Kg2 Qf5 37. Qe4 Qg5+ 38. Qg4 Qe7 39. a4 Nf6 40. Qg3 Nh5 41. Qb8 g5 42. Rxf8+ Qxf8 43. Qxf8+ Kxf8 44. a5 Nf4+ 45. Kg3 Ne2+ 46. Kg4 Nd4 47. a6 Kg7 48. a7 Kg6 49. a8=Q h5+ 50. Kg3 h4+ 51. Kg2 Ne6 52. Qe4+ Kh6 53. b4 Nf4+ 54. Qxf4 gxf4 55. Kh3 Kh5 56. b5 f5 57. b6 Kg5 58. b7 Kh5 59. b8=Q Kg5 60. Qe5 Kh5 61. Qxf4 Kg6 62. Kxh4 Kf7 63. Qd6 Kg8 64. Kg5 Kh8 65. Qd7 f4 66. Kg6 1-0


[Site "https://www.chess.com"]

[Event "Titled Tuesday Blitz January 31 Late 2023"]
[White "Bas Mas, Jose Joaquin"]
[Black "Goroshkov, Maksym"]
[WhiteFideId "22219064"]
[BlackFideId "14142716"]
[WhiteElo "2197"]
[BlackElo "2287"]
[Result "1-0"]
[Round "10"]
[TimeControl "180+2"]
[Date "2023.01.31"]
[WhiteClock "0:01:37"]
[BlackClock "0:01:49"]

1. e4 e5 2. Nf3 d6 3. d4 Bg4 4. Nc3 Nc6 5. Be3 exd4 6. Bxd4 Bxf3 7. gxf3 Nxd4 8. Qxd4 Nf6 9. O-O-O Be7 10. h4 O-O 11. h5 h6 12. f4 c5 13. Qe3 Qa5 14. Kb1 b5 15. e5 dxe5 16. fxe5 Nh7 17. Rg1 Ng5 18. f4 Ne6 19. Nd5 Bd8 20. f5 Bg5 21. Qe4 Nd4 22. f6 Ne6 23. Bd3 g6 24. hxg6 c4 25. Ne7+ Kh8 26. g7+ Nxg7 27. Qh7# 1-0


[Site "https://www.chess.com"]

[Event "Titled Tuesday Blitz January 31 Late 2023"]
[White "Aldokhin, Ivan"]
[Black "Kouskoutis, Georgios-Alexandros"]
[WhiteFideId "24115720"]
[BlackFideId "4234049"]
[WhiteElo "2413"]
[BlackElo "2295"]
[Result "1-0"]
[Round "10"]
[TimeControl "180+2"]
[Date "2023.01.31"]
[WhiteClock "0:00:36"]
[BlackClock "0:00:02"]

1. e4 c5 2. Nf3 e6 3. d4 cxd4 4. Nxd4 Nc6 5. Nc3 Qc7 6. Nxc6 Qxc6 7. Bd3 a6 8. a4 b6 9. O-O Bb7 10. Re1 Nf6 11. Bf4 Bc5 12. Qf3 O-O 13. Be5 Ne8 14. Qh3 f6 15. Bf4 Rc8 16. Nd5 f5 17. b4 exd5 18. exd5 Bxf2+ 19. Kxf2 Qxd5 20. c4 Qd4+ 21. Qe3 Qb2+ 22. Qd2 Qxd2+ 23. Bxd2 Nf6 24. Be3 Ne4+ 25. Kg1 b5 26. cxb5 axb5 27. Bxb5 Rc2 28. Re2 Rfc8 29. a5 Rxe2 30. Bxe2 Rc2 31. Bf3 d5 32. a6 Ba8 33. b5 Rb2 34. b6 1-0


[Site "https://www.chess.com"]

[Event "Titled Tuesday Blitz January 31 Late 2023"]
[White "Danielyan, Vahe"]
[Black "Pasti, Aron"]
[WhiteFideId "13304828"]
[BlackFideId "785857"]
[WhiteElo "2346"]
[BlackElo "2361"]
[Result "1-0"]
[Round "10"]
[TimeControl "180+2"]
[Date "2023.01.31"]
[WhiteClock "0:01:29"]
[BlackClock "0:00:14"]

1. e4 c5 2. Nc3 Nc6 3. Bb5 Nd4 4. Bc4 e6 5. Nge2 Ne7 6. Nxd4 cxd4 7. Ne2 Nc6 8. O-O Be7 9. c3 Qb6 10. b4 O-O 11. a4 a5 12. b5 Ne5 13. Bb3 d3 14. Ng3 d5 15. Kh1 dxe4 16. Qh5 f5 17. Nxf5 Bf6 18. Ba3 g6 19. Nh6+ Kh8 20. Qh3 Rd8 21. Rae1 Bd7 22. Rxe4 Qc7 23. Rxe5 Bxe5 24. Nf7+ Kg7 25. Qh6+ Kxf7 26. Qxh7+ Bg7 27. Qh3 Qf4 28. Re1 Qxf2 29. Bxe6+ Ke8 30. Bxd7+ Kf7 31. Qe6# 1-0


[Site "https://www.chess.com"]

[Event "Titled Tuesday Blitz January 31 Late 2023"]
[White "Al-Tarboush, Ward"]
[Black "Kraus, Tomas"]
[WhiteFideId "7601450"]
[BlackFideId "331708"]
[WhiteElo "2256"]
[BlackElo "2473"]
[Result "1-0"]
[Round "10"]
[TimeControl "180+2"]
[Date "2023.01.31"]
[WhiteClock "0:01:38"]
[BlackClock "0:01:06"]

1. e4 e5 2. Nf3 Nc6 3. Bb5 Nf6 4. O-O Nxe4 5. d4 Nd6 6. Bxc6 dxc6 7. dxe5 Nf5 8. Qxd8+ Kxd8 9. Nc3 Be7 10. h3 Be6 11. b3 h5 12. Bb2 c5 13. Rad1+ Kc8 14. Nd5 c6 15. Nxe7+ Nxe7 16. Ng5 Rd8 17. c4 Kc7 18. Rd6 Nf5 19. Nxe6+ fxe6 20. Rxe6 Rd2 21. Bc1 Rxa2 22. Rd1 Rd8 23. Rxd8 Kxd8 24. Bg5+ Kd7 25. Rg6 h4 26. e6+ Ke8 27. Bf4 Ke7 28. Bg5+ Ke8 29. Bf4 Ra1+ 30. Kh2 Re1 31. Rg5 g6 32. Rxg6 Ke7 33. Bg5+ Kf8 34. Rf6+ 1-0


[Site "https://www.chess.com"]

[Event "Titled Tuesday Blitz January 31 Late 2023"]
[White "Ortega Amarelle, Mariano"]
[Black "Lucassen, Mickey"]
[WhiteFideId "3504301"]
[BlackFideId "12919110"]
[WhiteElo "2472"]
[BlackElo "2023"]
[Result "1-0"]
[Round "10"]
[TimeControl "180+2"]
[Date "2023.01.31"]
[WhiteClock "0:01:42"]
[BlackClock "0:01:16"]

1. e4 c5 2. Nf3 d6 3. d4 cxd4 4. Nxd4 Nf6 5. Nc3 g6 6. f4 Nc6 7. Nf3 Bg7 8. Bd3 O-O 9. O-O a6 10. Qe1 b5 11. Kh1 e6 12. f5 d5 13. e5 Nd7 14. f6 Nxf6 15. exf6 Bxf6 16. Bh6 Re8 17. Rd1 b4 18. Ne4 dxe4 19. Bxe4 Qc7 20. Bxc6 Qxc6 21. Ne5 Bxe5 22. Qxe5 1-0


[Site "https://www.chess.com"]

[Event "Titled Tuesday Blitz January 31 Late 2023"]
[White "Defend, Balint"]
[Black "Szente Varga, Fruzsina"]
[WhiteFideId "17004853"]
[BlackFideId "712264"]
[WhiteElo "1673"]
[BlackElo "2075"]
[Result "1-0"]
[Round "10"]
[TimeControl "180+2"]
[Date "2023.01.31"]
[WhiteClock "0:01:00"]
[BlackClock "0:00:12"]

1. e4 Nf6 2. e5 Nd5 3. c4 Nb6 4. d4 d6 5. exd6 exd6 6. h3 Be7 7. Bd3 O-O 8. Nf3 Bf6 9. O-O Nc6 10. Nc3 Re8 11. b3 h6 12. Be3 Nb4 13. Bb1 a5 14. Qd2 Bd7 15. a3 Nc6 16. d5 Ne5 17. Nxe5 Bxe5 18. Bd4 Qf6 19. Bxe5 Rxe5 20. Bc2 Rg5 21. Ne4 Qg6 22. Nxg5 Qxg5 23. Qxg5 hxg5 24. Rfe1 Kf8 25. a4 g6 26. Re3 Re8 27. Rae1 Nc8 28. Rxe8+ Bxe8 29. Rb1 Nb6 30. Kf1 Bd7 31. Ke2 Ke7 32. Ke3 Bf5 33. Bxf5 gxf5 34. Kd4 Nd7 35. Re1+ Kf6 36. Re8 Nc5 37. Rc8 Nxb3+ 38. Kc3 Nc5 39. Rxc7 Nxa4+ 40. Kd4 Nc5 41. g3 a4 42. Rc8 Ne4 43. Ra8 Nxf2 44. h4 gxh4 45. gxh4 Ne4 46. Rxa4 Nc5 47. Ra8 f4 48. Rg8 f3 49. Ke3 Ke5 50. h5 Ne4 51. Re8+ Kf6 52. Rxe4 1-0


[Site "https://www.chess.com"]

[Event "Titled Tuesday Blitz January 31 Late 2023"]
[White "Ibarra Jerez, Jose Carlos"]
[Black "Gasparyan, David"]
[WhiteFideId "2226332"]
[BlackFideId "13311980"]
[WhiteElo "2563"]
[BlackElo "2142"]
[Result "1-0"]
[Round "10"]
[TimeControl "180+2"]
[Date "2023.01.31"]
[WhiteClock "0:01:33"]
[BlackClock "0:00:15"]

1. Nf3 Nf6 2. g3 g6 3. b3 Bg7 4. Bb2 O-O 5. Bg2 d6 6. d4 Nc6 7. O-O e5 8. dxe5 Ng4 9. c4 Ngxe5 10. Nc3 Re8 11. Qd2 Bf5 12. Rfd1 Rb8 13. Rac1 Qd7 14. Nd5 Nxf3+ 15. exf3 Ne5 16. f4 Nd3 17. Bxg7 Nxc1 18. Nf6+ Kxg7 19. Nxd7 Ne2+ 20. Kf1 Bxd7 21. Re1 Bg4 22. f3 Bd7 23. Rxe2 Rxe2 24. Qxe2 Re8 25. Qd2 b6 26. Kf2 Bc6 27. Bf1 f6 28. Bd3 Re7 29. Qc2 Re8 30. Be4 Bd7 31. f5 g5 32. f4 h6 33. h4 g4 34. h5 Re7 35. Qe2 Kh7 36. Qxg4 Rg7 37. Qf3 Be8 38. g4 Kh8 39. Bd5 Re7 40. Be6 Kh7 41. Qc3 Rg7 42. Kf3 Bc6+ 43. Bd5 Bxd5+ 44. cxd5 Rf7 45. Qe3 Kg7 46. Qe8 a5 47. a4 Rf8 48. Qg6+ Kh8 49. Qxh6+ Kg8 50. Qg6+ Kh8 51. h6 Rg8 52. Qxf6+ Kh7 53. g5 b5 54. axb5 a4 55. bxa4 c6 56. dxc6 d5 57. c7 d4 58. b6 d3 59. Qf7+ Kh8 60. Qxg8+ Kxg8 61. c8=Q+ Kf7 62. Qc7+ Kf8 63. Ke3 d2 64. Kxd2 Ke8 65. b7 1-0


[Site "https://www.chess.com"]

[Event "Titled Tuesday Blitz January 31 Late 2023"]
[White "Leiva, Gianmarco"]
[Black "Alfaro, William"]
[WhiteFideId "3804399"]
[BlackFideId "6100457"]
[WhiteElo "2392"]
[BlackElo "2134"]
[Result "1-0"]
[Round "10"]
[TimeControl "180+2"]
[Date "2023.01.31"]
[WhiteClock "0:00:03"]
[BlackClock "0:00:02"]

1. e4 Nf6 2. e5 Nd5 3. d4 e6 4. Nf3 c5 5. c4 Nb6 6. dxc5 Bxc5 7. Nc3 O-O 8. Ne4 Be7 9. Bd3 Nc6 10. O-O f5 11. exf6 Bxf6 12. Nxf6+ Qxf6 13. Ng5 g6 14. Ne4 Qd4 15. Be3 Qxb2 16. Rb1 Qe5 17. f4 Qg7 18. c5 Nd5 19. Bc1 Nc3 20. Qc2 Nxb1 21. Bb2 Qe7 22. Qxb1 b6 23. Qc2 bxc5 24. Qc3 e5 25. fxe5 Rxf1+ 26. Bxf1 Nxe5 27. Qxe5 Qxe5 28. Bxe5 Bb7 29. Nd6 Bc6 30. Bc4+ Kf8 31. Kf2 Rb8 32. g4 Rb4 33. h4 Ke7 34. h5 gxh5 35. gxh5 a5 36. Ke3 a4 37. h6 a3 38. Bf4 Rb1 39. Bd3 Rh1 40. Bxh7 Rh3+ 41. Kf2 Rh1 42. Nf5+ Kf6 43. Ne3 Ra1 44. Ng4+ Kf7 45. Ne5+ Kf8 46. Ng6+ Kf7 47. Ne5+ Ke7 48. Nxc6+ dxc6 49. Bg8 Kf8 50. Bb3 Rh1 51. Kg2 Rh4 52. Kg3 Rh5 53. Kg4 Rh1 54. Kf5 1-0


[Site "https://www.chess.com"]

[Event "Titled Tuesday Blitz January 31 Late 2023"]
[White "Blomqvist, Erik"]
[Black "O`Gorman, Tom"]
[WhiteFideId "1709437"]
[BlackFideId "2508249"]
[WhiteElo "2523"]
[BlackElo "2355"]
[Result "1-0"]
[Round "10"]
[TimeControl "180+2"]
[Date "2023.01.31"]
[WhiteClock "0:00:49"]
[BlackClock "0:00:16"]

1. e4 e5 2. Nf3 Nc6 3. Bb5 a6 4. Ba4 Nf6 5. O-O Be7 6. d3 b5 7. Bb3 d6 8. a3 O-O 9. Nc3 Bg4 10. Be3 Nd4 11. Bxd4 exd4 12. Nd5 Nd7 13. h3 Bxf3 14. Qxf3 c6 15. Nxe7+ Qxe7 16. Qg4 c5 17. f4 Rac8 18. Rf2 c4 19. Ba2 Nc5 20. Rd1 Na4 21. dxc4 Nxb2 22. Rxd4 Nxc4 23. a4 Rfe8 24. axb5 axb5 25. Kh2 Ne3 26. Qh5 Nxc2 27. Rdd2 Rc5 28. e5 Nb4 29. exd6 Qa7 30. d7 Rf8 31. Qxf7+ 1-0


[Site "https://www.chess.com"]

[Event "Titled Tuesday Blitz January 31 Late 2023"]
[White "Machidon, Cristi"]
[Black "Migot, Tangi"]
[WhiteFideId "13904590"]
[BlackFideId "662445"]
[WhiteElo "2301"]
[BlackElo "2373"]
[Result "1-0"]
[Round "10"]
[TimeControl "180+2"]
[Date "2023.01.31"]
[WhiteClock "0:00:27"]
[BlackClock "0:00:50"]

1. c4 Nf6 2. Nc3 g6 3. e4 d6 4. d4 Bg7 5. Be2 O-O 6. Bg5 c5 7. d5 e6 8. Nf3 exd5 9. cxd5 Re8 10. Nd2 h6 11. Be3 a6 12. a4 Nbd7 13. O-O h5 14. h3 Nh7 15. f4 f5 16. Nc4 Nb6 17. e5 Nxc4 18. Bxc4 dxe5 19. Bxc5 exf4 20. d6+ Be6 21. Bxe6+ Rxe6 22. Qb3 Qd7 23. Nd5 Rae8 24. Nxf4 Nf8 25. Rfe1 Kh7 26. Nxe6 Nxe6 27. Qd5 Bxb2 28. Rab1 Nxc5 29. Rxe8 Qxe8 30. Qxc5 Qe2 31. d7 Bf6 32. Qc7 Qd3 33. d8=Q+ 1-0


[Site "https://www.chess.com"]

[Event "Titled Tuesday Blitz January 31 Late 2023"]
[White "Villarreal, Agustin"]
[Black "Shapiro, Viktor"]
[WhiteFideId "125687"]
[BlackFideId "4175700"]
[WhiteElo "2299"]
[BlackElo "2192"]
[Result "0-1"]
[Round "10"]
[TimeControl "180+2"]
[Date "2023.01.31"]
[WhiteClock "0:00:03"]
[BlackClock "0:00:13"]

1. d4 Nf6 2. Nf3 e6 3. c4 c5 4. d5 exd5 5. cxd5 d6 6. Nc3 g6 7. e4 Bg7 8. Bd3 O-O 9. h3 a6 10. a4 Re8 11. O-O Nh5 12. Re1 Nd7 13. Be3 Rb8 14. a5 Ne5 15. Be2 Nxf3+ 16. Bxf3 Nf6 17. Bf4 b5 18. axb6 Rxb6 19. Na4 Rb4 20. Bd2 Rd4 21. Nc3 Bh6 22. Re2 Qb6 23. Qc2 Bxd2 24. Rxd2 Bd7 25. Re2 Bb5 26. Re3 Nd7 27. Be2 Ne5 28. f4 Nd7 29. Kh2 Nf6 30. Bf3 Qb8 31. Kh1 Bc4 32. Rae1 Bb3 33. Qf2 Nd7 34. h4 Bc4 35. h5 Rd3 36. h6 Rxe3 37. Qxe3 Qxb2 38. Rb1 Qa3 39. Rb7 Bb5 40. Qd2 Nf6 41. e5 dxe5 42. fxe5 Rxe5 43. Nxb5 axb5 44. Qf4 Qa1+ 45. Kh2 Re8 46. d6 Qd4 47. Qxd4 cxd4 48. Rxb5 Rd8 49. Rb4 Ne8 50. Rxd4 Rxd6 51. Re4 Kf8 52. Ra4 Rd8 53. g4 f6 54. Ra7 Kg8 55. Kg3 g5 56. Be2 Nd6 57. Bd3 f5 58. gxf5 Rf8 59. Kg4 Rf7 60. Ra6 Rd7 0-1


[Site "https://www.chess.com"]

[Event "Titled Tuesday Blitz January 31 Late 2023"]
[White "Tinmaz, Kerem"]
[Black "Hirneise, Jens"]
[WhiteFideId "44559151"]
[BlackFideId "24614734"]
[WhiteElo "2177"]
[BlackElo "2277"]
[Result "0-1"]
[Round "10"]
[TimeControl "180+2"]
[Date "2023.01.31"]
[WhiteClock "0:00:01"]
[BlackClock "0:01:43"]

1. e4 d6 2. d4 Nf6 3. Nc3 Nc6 4. d5 Nb8 5. Nf3 e5 6. Bd3 Be7 7. O-O c5 8. h3 h6 9. a4 g5 10. Nh2 Rg8 11. f3 Nh5 12. Ng4 Rh8 13. Kh2 Nf4 14. Bxf4 gxf4 15. Ne2 Bh4 16. c3 Qg5 17. b4 Rg8 18. g3 Bxg3+ 19. Nxg3 fxg3+ 20. Kxg3 h5 21. h4 Qf4+ 22. Kf2 hxg4 23. Ke1 gxf3 24. Rxf3 Rg1+ 0-1


[Site "https://www.chess.com"]

[Event "Titled Tuesday Blitz January 31 Late 2023"]
[White "Ansh M Shah"]
[Black "Tanenbaum, Zachary"]
[WhiteFideId "25033379"]
[BlackFideId "2060850"]
[WhiteElo "2171"]
[BlackElo "2261"]
[Result "0-1"]
[Round "10"]
[TimeControl "180+2"]
[Date "2023.01.31"]
[WhiteClock "0:00:47"]
[BlackClock "0:00:09"]

1. d4 d5 2. c4 dxc4 3. e3 e5 4. Bxc4 Nc6 5. Nf3 e4 6. Nfd2 Qg5 7. Nxe4 Qxg2 8. Ng3 Qh3 9. Qf3 Nf6 10. Nc3 Bg4 11. Qf4 Bd6 12. Qg5 Bxg3 13. fxg3 Qg2 14. Rf1 O-O-O 15. Qxg7 Nxd4 16. Rf2 Qg1+ 17. Bf1 Nf3+ 18. Rxf3 Bxf3 19. Qxf6 Bc6 20. Bd2 Qxh2 21. Qf2 Qxf2+ 22. Kxf2 Rxd2+ 23. Ke1 Rxb2 24. Bh3+ Kb8 25. Rd1 a6 26. Ne2 Bf3 27. Bf1 Bxe2 28. Bxe2 Re8 29. Kf2 Rxa2 30. Kf3 Ra3 31. Bc4 Raxe3+ 32. Kf4 R3e7 33. Rd4 c5 34. Rd5 Re4+ 35. Kf5 Rxc4 36. Rd7 Rd4 37. Rxf7 c4 38. Rxh7 c3 39. Rh2 Rc4 40. Rc2 b5 41. Kf6 b4 42. Kf7 Rec8 43. Ke6 b3 44. Rc1 c2 45. Kd6 b2 46. Rxc2 Rxc2 47. Kd5 b1=Q 48. Kd4 Qd1+ 49. Ke3 Qd2+ 50. Kf3 R2c3+ 51. Kg4 Rg8+ 52. Kh3 Rcxg3+ 0-1


[Site "https://www.chess.com"]

[Event "Titled Tuesday Blitz January 31 Late 2023"]
[White "Rosen, Eric"]
[Black "Estrada Nieto, Julian"]
[WhiteFideId "2032562"]
[BlackFideId "5101018"]
[WhiteElo "2349"]
[BlackElo "2215"]
[Result "1-0"]
[Round "10"]
[TimeControl "180+2"]
[Date "2023.01.31"]
[WhiteClock "0:00:06"]
[BlackClock "0:00:03"]

1. e4 e5 2. Nf3 Nc6 3. c3 Nf6 4. d4 Nxe4 5. d5 Ne7 6. Nxe5 Ng6 7. Bd3 Nc5 8. Nxg6 Nxd3+ 9. Qxd3 hxg6 10. Bf4 Bc5 11. b4 Be7 12. d6 cxd6 13. Bxd6 O-O 14. O-O Bxd6 15. Qxd6 b6 16. Nd2 Bb7 17. f3 Re8 18. Rfe1 Re6 19. Qd4 Rc8 20. c4 Qe7 21. Rxe6 dxe6 22. Qc3 Qg5 23. Rc1 Rd8 24. Rc2 Qh4 25. Qe3 Qf6 26. Nb3 Qf5 27. Rd2 Qb1+ 28. Kf2 Rc8 29. c5 Ba6 30. Qe1 Qf5 31. Qe4 Qg5 32. h4 Qe7 33. c6 Bb5 34. Rd7 Qf6 35. Nd4 e5 36. Nxb5 Qxc6 37. Rd8+ Kh7 38. Qxc6 Rxc6 39. Nd6 Rc2+ 40. Kg3 f5 41. Nf7 g5 42. Nxg5+ Kg6 43. Rd6+ Kh5 44. Kh3 f4 45. g4+ fxg3 46. Kxg3 Rxa2 47. Rd7 Kg6 48. Rd6+ Kf5 49. Rd7 Kg6 50. Re7 Re2 51. Kg4 Rg2+ 52. Kh3 Re2 53. Rxa7 Kf5 54. Rxg7 Kf4 55. Rf7+ Ke3 56. Kg3 Re1 57. h5 Rg1+ 58. Kh4 Kf2 59. Nh3+ Kf1 60. Nxg1 Kxg1 61. h6 Kh2 62. h7 1-0


[Site "https://www.chess.com"]

[Event "Titled Tuesday Blitz January 31 Late 2023"]
[White "Kavutskiy, Konstantin"]
[Black "Shubenkova, Veronika"]
[WhiteFideId "2026384"]
[BlackFideId "44124040"]
[WhiteElo "2414"]
[BlackElo "1960"]
[Result "1-0"]
[Round "10"]
[TimeControl "180+2"]
[Date "2023.01.31"]
[WhiteClock "0:01:23"]
[BlackClock "0:00:16"]

1. d4 d5 2. c4 e6 3. Nf3 Nf6 4. Nc3 Be7 5. Bf4 O-O 6. e3 c6 7. Qc2 Nbd7 8. h3 Re8 9. a3 dxc4 10. Bxc4 Nd5 11. Bg3 Nxc3 12. bxc3 c5 13. Bd3 Nf8 14. O-O Bd7 15. Ne5 cxd4 16. cxd4 Rc8 17. Qb3 Qb6 18. Qxb6 axb6 19. Rfb1 Bd8 20. Nxd7 Nxd7 21. Bb5 Rc6 22. Bxc6 bxc6 23. a4 c5 24. dxc5 Nxc5 25. Rb5 Ne4 26. Be5 f6 27. Bd4 Nd6 28. Rb4 Nc8 29. Rc1 Be7 30. Rb3 Kf7 31. Bxb6 Nxb6 32. Rxb6 Ra8 33. Rb7 Kf8 34. Rcc7 Bd6 35. Rf7+ Ke8 36. Rxg7 Rc8 37. g3 h5 38. a5 h4 39. gxh4 f5 40. h5 f4 41. h6 f3 42. Rg8+ Bf8 43. h7 Rc1+ 44. Kh2 Rg1 45. Rxf8+ Kxf8 46. h8=Q+ Rg8 47. Qf6+ Ke8 48. Qe7# 1-0


[Site "https://www.chess.com"]

[Event "Titled Tuesday Blitz January 31 Late 2023"]
[White "Kim, Sergey"]
[Black "Kaplan, Avi Harrison"]
[WhiteFideId "13700570"]
[BlackFideId "30934559"]
[WhiteElo "2295"]
[BlackElo "2146"]
[Result "0-1"]
[Round "10"]
[TimeControl "180+2"]
[Date "2023.01.31"]
[WhiteClock "0:00:47"]
[BlackClock "0:01:26"]

1. d4 Nf6 2. c4 c5 3. d5 b5 4. cxb5 a6 5. b6 d6 6. Nc3 Nbd7 7. e4 Qxb6 8. Nf3 g6 9. Be2 Bg7 10. O-O O-O 11. a4 Ne8 12. Ra3 Nc7 13. Nd2 a5 14. Nc4 Qa7 15. Bg5 f6 16. Be3 Nb6 17. Nd2 Na6 18. Bg4 Nb4 19. Nb5 Qb7 20. Bxc8 Raxc8 21. b3 f5 22. exf5 Rxf5 23. Nc4 Rxd5 24. Qg4 Nxc4 25. bxc4 Rf5 26. Rd1 Rcf8 27. Nc3 Nc2 28. Ra2 Nxe3 29. fxe3 Bxc3 0-1


[Site "https://www.chess.com"]

[Event "Titled Tuesday Blitz January 31 Late 2023"]
[White "Omelja, Artem"]
[Black "QuiesPrecatio"]
[WhiteFideId "14119846"]
[WhiteElo "2446"]
[BlackElo "2426"]
[Result "1-0"]
[Round "10"]
[TimeControl "180+2"]
[Date "2023.01.31"]
[WhiteClock "0:00:29"]
[BlackClock "0:00:19"]

1. e4 c6 2. Ne2 d5 3. e5 c5 4. d4 Nc6 5. dxc5 e6 6. Nd4 Bxc5 7. Nxc6 bxc6 8. Bd3 Ne7 9. O-O Ng6 10. Qe2 Bb6 11. Nd2 c5 12. c3 O-O 13. Nf3 f6 14. exf6 gxf6 15. Bh6 Re8 16. Nh4 f5 17. Nxg6 hxg6 18. Bb5 Bd7 19. Qe5 Qe7 20. Bg5 Qf7 21. Bxd7 Qxd7 22. Bf4 Qg7 23. Rad1 Qxe5 24. Bxe5 Rac8 25. c4 d4 26. b3 Kf7 27. Rfe1 g5 28. g3 g4 29. f4 gxf3 30. Kf2 Bc7 31. Kxf3 Bxe5 32. Rxe5 Kf6 33. Rde1 Re7 34. h3 a5 35. g4 fxg4+ 36. hxg4 Rh8 37. g5+ Kf7 38. Rxc5 Rh3+ 39. Kg4 Rh2 40. Rf1+ Kg7 41. Rxa5 e5 42. Kg3 Rc2 43. Rd5 Rxa2 44. Re1 Rb2 45. Rexe5 Rxb3+ 46. Kg4 Rxe5 47. Rxe5 Rc3 48. Rc5 d3 49. Kf3 d2+ 50. Ke2 Rd3 51. Kd1 Kg6 52. Re5 Rg3 53. Kxd2 Rxg5 54. Rxg5+ Kxg5 55. Kd3 Kf5 56. Kd4 Ke6 57. Kc5 Kd7 58. Kb6 Kc8 59. c5 Kb8 60. c6 Kc8 61. c7 Kd7 62. Kb7 1-0


[Site "https://www.chess.com"]

[Event "Titled Tuesday Blitz January 31 Late 2023"]
[White "Ibadov, Dashgyn"]
[Black "Melikhov, Evgeny V."]
[WhiteFideId "24107514"]
[BlackFideId "4122046"]
[WhiteElo "2391"]
[BlackElo "2269"]
[Result "1-0"]
[Round "10"]
[TimeControl "180+2"]
[Date "2023.01.31"]
[WhiteClock "0:01:21"]
[BlackClock "0:00:18"]

1. d4 Nf6 2. c4 e6 3. Nf3 d5 4. Nc3 Bb4 5. e3 O-O 6. cxd5 exd5 7. Bd3 c5 8. O-O c4 9. Bc2 Bg4 10. h3 Bh5 11. g4 Bg6 12. Ne5 Bxc2 13. Qxc2 a6 14. Ne2 Re8 15. Ng3 Nbd7 16. f4 Qc7 17. Bd2 Bd6 18. g5 Ne4 19. Nxe4 dxe4 20. Qxe4 b5 21. a3 Bxe5 22. fxe5 f6 23. gxf6 Nxf6 24. Qf3 Nd7 25. Bb4 Qc6 26. Qxc6 1-0


[Site "https://www.chess.com"]